 Dungeon Crawl Stone Soup version 0.18.1-48-g4cf74bf (webtiles) character file.

1525 nikopol the Chopper (level 8, 0/71 HPs)
             Began as a Minotaur Berserker on June 28, 2016.
             Was an Elder of Trog.
             Succumbed to Turgon's ghost's poison
             ... on level 6 of the Dungeon.
             The game lasted 00:13:26 (5515 turns).

nikopol the Chopper (Minotaur Berserker)            Turns: 5515, Time: 00:13:26

Health: 0/71       AC: 11    Str: 22    XL:     8   Next: 54%
Magic:  7/7        EV: 13    Int:  4    God:    Trog [****..]
Gold:   278        SH:  0    Dex: 12    Spells: 0 memorised, 7 levels left

rFire  + . .     SeeInvis .     x - +0 hand axe
rCold  . . .     Gourm    .     E - +1 ring mail "Vouweif" {+Blink rF+}
rNeg   + . .     Faith    .     (no shield)
rPois  .         Spirit   .     (helmet restricted)
rElec  .         Dismiss  .     y - +0 cloak
rCorr  .         Reflect  .     w - +0 pair of gloves
SustAt .         Harm     .     j - +0 pair of boots
MR     .....                    (no amulet)
Stlth  +.........               (no ring)
                                q - ring of positive energy

@: lethally poisoned (0 -> -20), not resistant to hostile enchantments, very
unstealthy
A: retaliatory headbutt, horns 2
a: Berserk, Trog's Hand, Brothers in Arms, Burn Spellbooks, Renounce Religion,
Evoke Blink


You were on level 6 of the Dungeon.
You worshipped Trog.
Trog was greatly pleased with you.
You were near starving.

You visited 1 branch of the dungeon, and saw 6 of its levels.

You collected 278 gold pieces.

Inventory:

Hand Weapons
 c - a +0 shortbow
 x - a +0 hand axe (weapon)
Missiles
 r - 30 arrows (quivered)
Armour
 b - a +0 animal skin
 d - a +0 ring mail
 j - a +0 pair of boots (worn)
 w - a +0 pair of gloves (worn)
 y - a +0 cloak (worn)
 E - the +1 ring mail "Vouweif" (worn) {+Blink rF+}
   (You found it on level 5 of the Dungeon)

   It protects you from fire.
   It lets you blink.
Jewellery
 q - a ring of positive energy (left hand)
 t - an uncursed ring of resist corrosion {unknown}
Scrolls
 a - a scroll of identify
 e - a scroll of recharging
 p - 3 scrolls of remove curse
 u - a scroll of noise {unknown}
 v - a scroll of random uselessness {unknown}
 z - a scroll of fog {unknown}
 A - 2 scrolls of fear {unknown}
 D - a scroll of acquirement {unknown}
Potions
 f - a potion of ambrosia {unknown}
 g - 2 potions of heal wounds
 i - a potion of mutation {unknown}
 l - 2 potions of brilliance {unknown}
 m - 2 potions of invisibility {unknown}
 o - 2 potions of magic {unknown}
 s - 2 potions of resistance
 B - 2 potions of curing {unknown}
Books
 C - a book of Transfigurations

   Spells                             Type                      Level
   a - Irradiate                      Conjuration/Transmutation    5
   b - Statue Form                    Transmutation/Earth          6
   c - Hydra Form                     Transmutation                6
   d - Dragon Form                    Transmutation                7
   Trog disapproves of the use of such an item.
Comestibles
 h - 7 fruits
 n - 2 meat rations
 F - 5 bread rations


   Skills:
 + Level 6.8 Fighting
 * Level 7.6 Axes
 * Level 2.5 Bows
 + Level 6.7 Armour
 + Level 6.0 Dodging


You had 7 spell levels left.
You didn't know any spells.

Dungeon Overview and Level Annotations

Branches:
Dungeon (6/15)             Temple (0/1) D:5

Altars:
Ashenzari
Elyvilon
Kikubaaqudgha
Nemelex Xobeh
Okawaru
Pakellas
Ru
Trog
Xom
The Shining One


Innate Abilities, Weirdness & Mutations

You reflexively headbutt those who attack you in melee.
You have a pair of horns on your head.


Message History

You feel sick.
You barely miss the gnoll. Your headbutt misses the gnoll.
* * * LOW HITPOINT WARNING * * *
You feel sick. The gnoll closely misses you.
You hit the gnoll.
The gnoll is lightly wounded.
* * * LOW HITPOINT WARNING * * *
You feel sick. The gnoll barely misses you.
You hit the gnoll but do no damage. Your headbutt misses the gnoll.
The gnoll is lightly wounded.
* * * LOW HITPOINT WARNING * * *
You feel sick. The gnoll barely misses you. You furiously retaliate!
You headbutt the gnoll. You hit the gnoll.
The gnoll is severely wounded.
* * * LOW HITPOINT WARNING * * *
You feel sick. The gnoll barely misses you.
You hit the gnoll.
The gnoll is severely wounded.
You die...

##.##
#.........
#.#
##......##
####.#
##...#.#
#....#
##+##.#
#.#### #<##
#.#### #...
#.#?. ####
#.#.# #.#@#
###.#g###
#....g..#
#.#.........
#.#####(####
# .# .. ..
(#.


You could see 2 gnolls.

Vanquished Creatures
  The ghost of Turgon the Cutter, an amateur DsTm of Ashenzari (D:6)
  Sigmund (D:2)
  2 phantoms (D:5)
  2 ogres
  A centaur (D:5)
  A giant frog (D:5)
  2 crimson imps
  A giant frog zombie (D:5)
  2 hounds
  Crazy Yiuf (D:2)
  An orc wizard (D:6)
  2 iguanas
  Natasha (thrice) (D:2)
  2 worker ants
  A hound skeleton (D:4)
  Robin (D:2)
  4 gnolls
  9 adders
  2 shadow imps (D:6)
  An ooze (D:2)
  An adder skeleton (D:5)
  An adder zombie (D:5)
  4 worms
  4 giant geckos
  9 orcs
  2 ball pythons
  5 bats
  8 giant cockroaches
  5 hobgoblins
  5 kobolds
  2 quokkas
  8 giant newts
  18 goblins
  8 rats
120 creatures vanquished.

Vanquished Creatures (others)
  A manticore (D:4)
  A human (D:5)
2 creatures vanquished.

Grand Total: 122 creatures vanquished

Notes
Turn   | Place    | Note
--------------------------------------------------------------
     0 | D:1      | nikopol the Minotaur Berserker began the quest for the Orb.
     0 | D:1      | Reached XP level 1. HP: 19/19 MP: 0/0
   275 | D:1      | Reached XP level 2. HP: 27/27 MP: 1/1
   734 | D:2      | Noticed Natasha
   738 | D:2      | Noticed a crimson imp
   742 | D:2      | Noticed a crimson imp
   745 | D:2      | Killed Natasha
   745 | D:2      | Reached skill level 4 in Axes
   745 | D:2      | Reached XP level 3. HP: 8/33 MP: 2/2
  1011 | D:2      | Reached ** piety under Trog
  1013 | D:2      | Noticed Natasha
  1024 | D:2      | Killed Natasha
  1024 | D:2      | Reached XP level 4. HP: 40/40 MP: 3/3
  1030 | D:2      | Noticed Robin
  1136 | D:2      | Noticed Natasha
  1142 | D:2      | Killed Natasha
  1302 | D:2      | Found a sacrificial altar of Ru.
  1460 | D:2      | Noticed Sigmund
  1470 | D:2      | Killed Sigmund
  1470 | D:2      | Reached skill level 5 in Fighting
  1470 | D:2      | Reached skill level 5 in Axes
  1470 | D:2      | Reached XP level 5. HP: 48/48 MP: 4/4
  1470 | D:2      | Reached XP level 6. HP: 56/56 MP: 5/5
  1629 | D:2      | Noticed Crazy Yiuf
  1636 | D:2      | Killed Crazy Yiuf
  1701 | D:2      | Found an ancient bone altar of Kikubaaqudgha.
  1878 | D:2      | Reached *** piety under Trog
  1941 | D:2      | Killed Robin
  2369 | D:3      | Reached skill level 5 in Armour
  2392 | D:3      | Found a faded altar to an unknown god.
  3069 | D:4      | Found an oddly glowing altar of Pakellas.
  3070 | D:4      | Noticed a manticore
  3079 | D:4      | Killed a manticore
  3175 | D:4      | Reached XP level 7. HP: 43/61 MP: 6/6
  3907 | D:4      | Reached skill level 6 in Axes
  3907 | D:4      | Reached skill level 5 in Dodging
  4016 | D:5      | Entered Level 5 of the Dungeon
  4133 | D:5      | Reached **** piety under Trog
  4136 | D:5      | Got a spiked ring mail
  4147 | D:5      | Identified the +1 ring mail "Vouweif" {+Blink rF+} (You found it on level 5 of the Dungeon)
  4221 | D:5      | Found an ancient bone altar of Kikubaaqudgha.
  4221 | D:5      | Noticed a human
  4224 | D:5      | Killed a human
  4310 | D:5      | Found a staircase to the Ecumenical Temple.
  4403 | D:5      | Reached XP level 8. HP: 17/70 MP: 7/7
  4571 | D:5      | Found a glowing golden altar of the Shining One.
  4587 | D:5      | Found a shimmering altar of Xom.
  4597 | D:5      | Found a bloodstained altar of Trog.
  4598 | D:5      | Found a shattered altar of Ashenzari.
  4598 | D:5      | Found an iron altar of Okawaru.
  4598 | D:5      | Found a sparkling altar of Nemelex Xobeh.
  4806 | D:5      | Reached skill level 7 in Axes
  5037 | D:6      | Reached skill level 1 in Bows
  5436 | D:6      | Found a white marble altar of Elyvilon.
  5481 | D:6      | Noticed Turgon's ghost (amateur DsTm)
  5503 | D:6      | Killed Turgon's ghost
  5514 | D:6      | HP: 2/71 [poisoned by Turgon's ghost]
  5515 | D:6      | Succumbed to Turgon's ghost's poison

Skill      XL: |  1  2  3  4  5  6  7  8 |
---------------+-------------------------+-----
Fighting       | 4 5 6 |  6.8
Axes           | 4 5 6 7 |  7.6
Armour         | 3 4 5 6 |  6.7
Dodging        | 3 4 5 6 |  6.0
Bows           | 2 |  2.5

Action                   |  1- 3 |  4- 6 |  7- 9 || total
-------------------------+-------+-------+-------++-------
Melee: Hand axe          |    59 |   176 |   151 ||   386
       Headbutt          |     3 |    32 |    22 ||    57
 Fire: Shortbow          |       |       |    32 ||    32
Invok: Berserk           |     2 |     1 |     1 ||     4
  Use: Scroll            |       |       |     4 ||     4
  Eat: Chunk             |     1 |     8 |     8 ||    17
Armor: Ring mail         |    25 |    75 |    44 ||   144
Dodge: Dodged            |    29 |   110 |    89 ||   228
